 Dungeon Crawl Stone Soup version 0.31-a0-1589-g8f5e8aebd6 (webtiles) character file.

Game seed: 17562834048004484386

35 MisterAzrael the Changeling (level 3, 0/27 HPs)
             Began as a Demonspawn Shapeshifter on Jan 5, 2024.
             Slain by a cerulean imp
             ... wielding a +0 spear
             ... summoned by Natasha
              (5 damage)
             ... on level 2 of the Dungeon.
             The game lasted 00:01:22 (1480 turns).

MisterAzrael the Changeling (DsSh)                  Turns: 1480, Time: 00:01:23

Health: 0/27       AC:  2    Str: 16    XL:     3   Next: 17%
Magic:  3/3        EV: 14    Int: 10    God:
Gold:   70         SH:  0    Dex: 12    Spells: 2/2 levels left

rFire   + .          .
                       - Unarmed
rCold   x . .        (no shield)
rNeg    . . .        a - +0 animal skin
rPois   .            (helmet currently unavailable)
rElec   .            (cloak currently unavailable)
rCorr   .            (gloves currently unavailable)
SInv    .            (boots currently unavailable)
Will    .....        (no amulet)
Stlth   +            f - ring of fire
HPRegen 0.24/turn    (no ring)
MPRegen 0.08/turn

%: no passive effects
@: beast-form
A: beast (slay +1), repulsion field 1
a: Begin Untransformation


You were on level 2 of the Dungeon.
You were a hulking beast.
You visited 1 branch of the dungeon, and saw 2 of its levels.

You collected 70 gold pieces.

Inventory:

Armour
 a - a +0 animal skin (worn)
Jewellery
 f - a ring of fire (left hand)
Talismans
 c - a beast talisman
 d - a flux talisman
Scrolls
 e - a scroll of vulnerability {unknown}
 g - a scroll of amnesia {unknown}
Potions
 b - a potion of lignification


   Skills:
 + Level 1.6 Fighting
 - Level 1.7 Dodging
 + Level 3.0 Unarmed Combat
 * Level 3.3 Shapeshifting


You had 2 spell levels left.
You didn't know any spells.
Your spell library was empty.

Dungeon Overview and Level Annotations

Branches:
Dungeon (2/15)

Altars:

Annotations:
D:2 Natasha


Innate Abilities, Weirdness & Mutations

You are a hulking beast.
Your limbs bulge with bestial killing power. (Slay +1)
You are surrounded by a mild repulsion field. (EV +2)


Message History

The bat completely misses you.
You barely miss the bat. The bat barely misses you.
You punch the bat!
You kill the bat!
No target in view!
No target in view!
HP restored.
g - a scroll labelled NAXUDDACKA You now have 70 gold pieces (gained 15).
Natasha, Servant of Life and Death comes into view.
She is carrying a wand of flame.
Natasha hisses angrily.
Natasha zaps a wand.
The puff of flame hits you.
A giant cockroach comes into view.
Natasha zaps a wand.
The puff of flame hits you!
Natasha mumbles some strange words.
You hit Natasha but do no damage. Natasha claws you.
You feel more attuned to fire.
f - a ring of fire (left hand)
You barely miss Natasha. The cerulean imp completely misses you.
Natasha closely misses you.
You hit Natasha.
Natasha is moderately wounded.
The cerulean imp hits you from afar with a +0 spear.
Natasha zaps a wand.
The puff of flame hits you. You resist.
You barely miss Natasha.
Natasha is moderately wounded.
The cerulean imp completely misses you. Natasha barely misses you.
You hit Natasha.
Natasha is heavily wounded.
The cerulean imp hits you from afar with a +0 spear.
Natasha completely misses you.
You hit Natasha.
Natasha is almost dead.
The cerulean imp barely misses you.
Natasha zaps a wand.
The puff of flame hits you. You resist.
* * * LOW HITPOINT WARNING * * *
You hit Natasha.
Natasha is almost dead.
The cerulean imp hits you from afar with a +0 spear.
You die...

######## #......#
#......# #......#.#
#..5...#.#
#..h...#.###. #
..#..#h.B.......#
#........##.###.#
######.#.##.#...###
#.#....>......
#.........#.#
#...###.###.#
#.....+.......#
.......###.#####
.......###.####


You could see Natasha, a cerulean imp (summoned) and a giant cockroach.

Vanquished Creatures
  3 bats
  2 endoplasms
  A giant cockroach (D:2)
  4 hobgoblins
  2 jackals (D:2)
  4 kobolds (D:1)
  2 quokkas (D:1)
  3 ball pythons (D:1)
  2 frilled lizards
  6 goblins
  2 rats (D:1)
31 creatures vanquished.

Notes
Turn   | Place    | Note
-------+----------+-------------------------------------------
     0 | D:1      | MisterAzrael the Demonspawn Shapeshifter began the quest
                  | for the Orb.
     0 | D:1      | Reached XP level 1. HP: 15/15 MP: 1/1
   166 | D:1      | Gained mutation: You are surrounded by a mild repulsion
                  | field. (EV +2) [demonic ancestry]
   166 | D:1      | Reached XP level 2. HP: 19/21 MP: 2/2
   888 | D:1      | HP: 1/21 [poisoned by a kobold]
  1406 | D:2      | Reached XP level 3. HP: 26/26 MP: 3/3
  1469 | D:2      | Noticed Natasha
  1480 | D:2      | Slain by a cerulean imp

Illustrated notes

Levels and vault maps discovered:
D:1:      lemuel_arrival_cross, layout_rooms, serial_co_window_serial,
          co_window_paths_b, co_window_corner_a, co_window_paths_a,
          co_window_corner_a, co_window_paths_b, co_window_paths_a,
          co_window_corner_a, co_window_corner_cb, co_window_cross_4,
          co_window_unsneaky_path_c, co_window_corner_cb, co_window_corner_cb,
          co_window_of_opportunity_c, glass_columns_c, glass_columns_a
D:2:      layout_basic, uniq_natasha

Skill      XL: |  1  2 |
---------------+-------+-----
Shapeshifting  | 3 |  3.3
Unarmed Combat | 3 |  3.0
Fighting       | |  1.6
Dodging        | |  1.7

Action                     || total
---------------------------++-------
  Melee: Unarmed           ||    92
    Use: Potion            ||     2
   Stab: Sleeping          ||     1
 Armour: Animal skin       ||    42
  Dodge: Dodged            ||    65

Table legend: (Time is in decaauts)
 A = Elapsed time spent in this place.
 B = Non-inter-level travel time spent in this place.
 C = Inter-level travel time spent in this place.
 D = Time resting spent in this place.
 E = Time spent auto-exploring this place.
 F = Levels seen in this place.
 G = Mean time per level.
                   A        B        C        D        E       F      G
               +--------+--------+--------+--------+--------+-----+--------+
         Total |   1473 |   1428 |     45 |    443 |    787 |   2 |  736.5 |
       Dungeon |   1473 |   1428 |     45 |    443 |    787 |   2 |  736.5 |
               +--------+--------+--------+--------+--------+-----+--------+

Top non-repeatable levels by time:
     D:1: 1395 daAuts
     D:2: 78 daAuts
